 Dungeon Crawl Stone Soup version 0.30-a0-371-gad7725a93e (webtiles) character file.

Game seed: 1978541623672830770

214390 freelancePsychic the Warrior (level 18, 0/178 HPs)
             Began as a Minotaur Necromancer on Nov 21, 2022.
             Was the Champion of Okawaru.
             Killed from afar by a thorn hunter (35 damage)
             ... with a volley of thorns
             ... on level 4 of the Swamp.
             The game lasted 01:11:43 (36678 turns).

freelancePsychic the Warrior (MiNe)                Turns: 36678, Time: 01:11:44

Health: 0/178      AC: 25    Str: 20    XL:     18   Next: 67%
Magic:  23/23      EV: 12    Int: 12    God:    Okawaru [******]
Gold:   875        SH: 18    Dex: 11    Spells: 19/19 levels left

rFire   + + .      SeeInvis .    b - +8 eveningstar (vorpal)
rCold   + . .      Faith    .    p - +0 kite shield
rNeg    . . .      Spirit   .    A - +0 fire dragon scales
rPois   +          Reflect  +    L - +2 hat
rElec   +          Harm     .    I - +1 cloak of the Guilds {Rampage rElec rC++ Dex-5}
rCorr   .          Rampage  +    P - +2 pair of gloves of Moral Flaws {Dex+4}
Will    ++...                    W - +2 pair of boots
Stlth   ..........               y - amulet of reflection
HPRegen 0.49/turn                a - ring of poison resistance
MPRegen 0.18/turn                r - +4 ring of slaying

@: no status effects
A: horns 2, retaliatory headbutt, strong-willed 1, mutation resistance 1, shaggy
fur 1
a: Renounce Religion, Heroism, Finesse, Duel


You were on level 4 of the Swamp.
You worshipped Okawaru.
Okawaru was exalted by your worship.
You visited 5 branches of the dungeon, and saw 29 of its levels.
You visited the Abyss 1 time.
You also visited: Trove and Gauntlet.

You collected 3110 gold pieces.
You spent 2235 gold pieces at shops.

Inventory:

Hand Weapons
 b - a +8 vorpal eveningstar (weapon)
Missiles
 c - 15 javelins
 d - 2 boomerangs (quivered)
 e - 32 poisoned darts
 f - a datura-tipped dart
 g - 3 silver javelins
 R - 5 atropa-tipped darts
 T - 12 curare-tipped darts
Armour
 p - a +0 kite shield (worn)
 A - +0 fire dragon scales (worn)
 B - +1 acid dragon scales
 I - the +1 cloak of the Guilds (worn) {Rampage rElec rC++ Dex-5}
   (Okawaru gifted it to you on level 3 of the Lair of Beasts)

   Dex:       It affects your dexterity (-5).
   rC:        It greatly protects you from cold.
   rElec:     It insulates you from electricity.
   Rampage:   It bestows one free step when moving towards enemies.
 L - a +2 hat (worn)
 P - the +2 pair of gloves of Moral Flaws (worn) {Dex+4}
   (You found it in a Gauntlet)

   Dex:       It affects your dexterity (+4).
 W - a +2 pair of boots (worn)
Jewellery
 a - a ring of poison resistance (left hand)
 n - a ring of resist corrosion
 r - a +4 ring of slaying (right hand)
 y - an amulet of reflection (around neck)
 E - a ring of protection from fire
 J - a +6 ring of intelligence
Wands
 j - a wand of digging (9)
 o - a wand of mindburst (10)
 u - a wand of flame (54)
 F - a wand of iceblast (13)
 S - a wand of light (7)
Scrolls
 h - a scroll of silence
 i - 8 scrolls of blinking
 k - 8 scrolls of immolation
 l - 9 scrolls of teleportation {@r4}
 t - a scroll of poison
 v - 2 scrolls of magic mapping
 M - 2 scrolls of enchant armour
 O - a scroll of enchant weapon
 Q - 2 scrolls of amnesia
 V - a scroll of fear
Potions
 m - 8 potions of might
 q - 4 potions of magic
 s - 4 potions of attraction
 w - a potion of resistance
 x - a potion of ambrosia
 z - 5 potions of lignification
 C - 2 potions of invisibility
 D - 3 potions of haste {@q3}
 G - 7 potions of flight
 H - 11 potions of curing {@q1}
 K - a potion of cancellation
 N - 4 potions of berserk rage
 Y - a potion of heal wounds {@q2}
 Z - 4 potions of mutation
Miscellaneous
 U - a tin of tremorstones (2/2)
 X - a condenser vane (inert)


   Skills:
 - Level 20.0 Fighting
 - Level 16.0 Maces & Flails
 - Level 13.6 Throwing
 - Level 12.7 Armour
 - Level 10.0 Dodging
 - Level 1.5 Stealth
 * Level 15.9 Shields
 - Level 1.3 Spellcasting
 - Level 2.9 Necromancy
 - Level 8.4 Invocations
 - Level 3.2 Evocations


You had 19 spell levels left.
You didn't know any spells.
Your spell library contained the following spells:

 Spells                   Type           Power      Damage    Failure   Level
 Necrotise                Necr           28%        1d5       36%         1
 Vampiric Draining        Necr           7%         2d6       75%         3
 Beastly Appendage        Tmut           0%         N/A       78%         1
 Sandblast                Erth           0%         2d4       78%         1
 Blink                    Tloc           0%         N/A       89%         2
 Passwall                 Tmut/Erth      0%         N/A       89%         2
 Dazzling Flash           Conj/Hex       0%         N/A       98%         3
 Gell's Gravitas          Tloc           0%         N/A       98%         3
 Hailstorm                Conj/Ice       0%         3d3       98%         3
 Inner Flame              Hex/Fire       0%         N/A       98%         3
 Lesser Beckoning         Tloc           0%         N/A       98%         3
 Ozocubu's Armour         Ice            0%         N/A       98%         3
 Portal Projectile        Hex/Tloc       0%         N/A       98%         3
 Spider Form              Tmut/Pois      0%         N/A       98%         3
 Stone Arrow              Conj/Erth      0%         3d7       98%         3
 Teleport Other           Tloc           0%         N/A       98%         3
 Anguish                  Hex/Necr       2%         N/A       100%        4
 Flame Wave               Conj/Fire      0%         2d4       100%        4
 Ice Form                 Ice/Tmut       0%         N/A       100%        4
 Iskenderun's Mystic Bla  Conj/Tloc      0%         2d3       100%        4
 Leda's Liquefaction      Hex/Erth       0%         N/A       100%        4
 Manifold Assault         Tloc           0%         N/A       100%        4
 Sticky Flame             Conj/Fire      0%         2d3       100%        4
 Agony                    Necr           7%         N/A       100%        5
 Iskenderun's Battlesphe  Conj           0%         2d6       100%        5
 Lee's Rapid Deconstruct  Erth           0%         3d4*      100%        5
 Iron Shot                Conj/Erth      0%         9d1       100%        6
 Starburst                Conj/Fire      0%         6d3       100%        6
 Statue Form              Tmut/Erth      0%         N/A       100%        6
 Enfeeble                 Hex            0%         N/A       100%        7
 Ozocubu's Refrigeration  Ice            0%         4d7       100%        7
 Storm Form               Tmut/Air       0%         N/A       100%        7
 Chain Lightning          Conj/Air       0%         N/A       100%        9
 Fire Storm               Conj/Fire      0%         5d1       100%        9
 Shatter                  Erth           0%         3d5*      100%        9
 Summon Small Mammal      Summ           Unusable   N/A       N/A         1
 Call Canine Familiar     Summ           Unusable   N/A       N/A         3
 Animate Dead             Necr           Unusable   N/A       N/A         4
 Simulacrum               Ice/Necr       Unusable   N/A       N/A         6
 Spellforged Servitor     Conj/Summ      Unusable   N/A       N/A         7

Dungeon Overview and Level Annotations

Branches:
Dungeon (15/15)            Temple (0/1) D:5            Lair (5/5) D:8
  Swamp (4/4) Lair:2       Spider (0/4) Lair:3        Slime (0/5) Lair:5
    Orc (2/2) D:9             Elf (3/3) Orc:2        Vaults (0/5) D:13
 Depths (0/4) D:15        Gauntlet (visited)

Altars:
Ashenzari
Cheibriados
Dithmenos
Fedhas
Gozag
Hepliaklqana
Kikubaaqudgha
Makhleb
Nemelex Xobeh
Okawaru
Qazlal
Uskayaw
Vehumet
Yredelemnul
Zin
Jiyva

Shops:
D:2 ?   D:4 (   Orc:2 !?(*(   Elf:1 ==*?   Elf:3 =:=

Annotations:
D:8 1 transporter, bakla's ghost, novice DrCj
Elf:2 3 runed translucent doors


Innate Abilities, Weirdness & Mutations

You have a pair of horns on your head.
You reflexively headbutt those who attack you in melee.
You are strong-willed. (Will+)
You are somewhat resistant to further mutation.
You are covered in fur. (AC +1)


Message History

The thorn hunter fires a volley of thorns at you.
The volley of thorns misses you.
The thorn hunter fires a volley of thorns at you.
The volley of thorns hits you!!!
* * * LOW HITPOINT WARNING * * *
The swamp worm fires a harpoon shot at you.
The harpoon shot hits you.
* * * LOW HITPOINT WARNING * * *
You are yanked forward by the harpoon shot.
You collide with the briar patch!
The briar patch is heavily damaged.
Splash!
Found 2 potions of mutation.
Thorny briars emerge from the ground!
The thorn hunter fires a volley of thorns at you.
The volley of thorns misses you.
The thorn hunter fires a volley of thorns at you.
The volley of thorns hits you.
* * * LOW HITPOINT WARNING * * *
The thorn hunter fires a volley of thorns at you.
The volley of thorns reflects off an invisible shield around you!
The volley of thorns hits the briar patch!!
You destroy the briar patch!
The thorn hunter hits the briar patch!
The thorn hunter hits the briar patch.
The briar patch is destroyed!
The swamp worm fires a harpoon shot at you.
The harpoon shot hits you but does no damage.
The thorn hunter fires a volley of thorns at you.
The volley of thorns reflects off an invisible shield around you!
The volley of thorns hits the briar patch!
The thorn hunter fires a volley of thorns at you.
The volley of thorns hits you!!
* * * LOW HITPOINT WARNING * * *
There is a stone staircase leading up, spattered with blood here.
You feel much better.
The briar patch crumbles away.
The thorn hunter fires a volley of thorns at you.
The volley of thorns hits you!
* * * LOW HITPOINT WARNING * * *
The thorn hunter fires a volley of thorns at you.
The volley of thorns hits you!!
You die...

~~! ~~~. ♣♣♣♣ ~~~.
♣♣~.. .~~.~ ♣~.~~♣
♣♣♣♣~♣..♣.
~.~~~.♣♣♣~.~~...~~
♣~.~~~~)~wP~~....~
♣.~~~~.@~~~P~~~~~
♣♣.~~§~~~PPPf~~~~
♣.~~~~†~PFf~~~~~
♣.~~~~~~PP~~~~.~
~~..~§~~§~PP~.~~.~
~~.~..~~~~PP~§~~.~
..♣~.....~PP~.~..[
♣ ♣♣.....~P~.~~...
...~~♣♣~..~~~~.~


You could see 2 thorn hunters, a goliath frog and a swamp worm.

Vanquished Creatures
  Jorgrun (Orc:2)
  A tentacled monstrosity (Swamp:2)
  A lich (Abyss:1)
  Frances (Elf:1)
  A tentacled starspawn (Abyss:1)
  2 deep elf sorcerers
  A deep elf elementalist (Elf:3)
  Nessos (Lair:4)
  A deep elf demonologist (Elf:2)
  A starflower (Abyss:1)
  Azrael (D:12)
  2 eleionomae
  4 bunyips
  A lorocyproca (Abyss:1)
  A deep elf annihilator (Elf:3)
  5 dire elephants (Lair:5)
  A minotaur (Gauntlet)
  Snorg (Orc:1)
  A deep elf death mage (Elf:3)
  2 fire dragons (D:15)
  A shambling mangrove (Swamp:2)
  Josephine (Orc:2)
  A spriggan zombie (Abyss:1)
  Erolcha (D:12)
  4 vault guards (D:13)
  7 hydras
  5 boulder beetles
  12 centaur warriors
  Erica (D:8)
  2 ghost crabs
  3 catoblepae
  8 alligators
  5 two-headed ogres
  8 dancing weapons
  6 tengu warriors
  A spectral dire elephant (Lair:5)
  A two-headed ogre (shapeshifter) (D:13)
  A thrashing horror (Abyss:1)
  4 death yaks (Lair:5)
  6 orc high priests
  Sonja (Orc:2)
  A wretched star (Abyss:1)
  5 deep elf knights
  2 spectral death yaks (Lair:5)
  A skeletal warrior (D:13)
  A spectral anaconda (Lair:5)
  2 goliath frogs
  2 swamp dragons (Swamp:2)
  An obsidian statue (Lair:5)
  8 deep elf archers
  5 bog bodies
  A lindwurm (Lair:5)
  4 necromancers (Lair:5)
  A wizard (Elf:1)
  11 orc knights (Orc:2)
  19 deep elf pyromancers
  5 large abominations
  11 deep elf zephyrmancers
  2 manticores (D:12)
  An oklob plant (D:10)
  13 ugly things
  A will-o-the-wisp (Swamp:3)
  2 orc sorcerers
  3 cyclopes
  A dire elephant zombie (Lair:5)
  Joseph (Lair:1)
  10 elephants (Lair:5)
  An eye of devastation (shapeshifter) (Elf:1)
  A guardian serpent (D:14)
  3 black mambas
  Maurice (D:8)
  16 cane toads
  A minotaur zombie (Gauntlet)
  Maggie (D:8)
  4 gargoyles
  4 rime drakes
  An unseen horror (D:13)
  6 kobold demonologists
  2 efreet
  7 komodo dragons
  9 trolls
  A bloated husk (Swamp:2)
  A harpy skeleton (Abyss:1)
  2 tyrant leeches
  13 slime creatures
  10 hornets
  A hornet (shapeshifter) (D:13)
  A spectral elephant (Lair:5)
  17 blink frogs
  A centaur simulacrum (D:13)
  3 shadows
  2 air elementals
  5 wyverns
  A water elemental (Elf:1)
  29 yaks
  7 wraiths
  4 spriggans
  3 basilisks
  A fire bat (Abyss:1)
  A dire elephant simulacrum (Lair:5)
  Grum (D:8)
  A neqoxec (Gauntlet)
  10 small abominations
  8 fire elementals
  2 redbacks
  17 vampire mosquitoes
  A steam dragon (D:8)
  A basilisk (shapeshifter) (D:13)
  A death yak simulacrum (Lair:5)
  3 wargs (Orc:2)
  2 spectral cane toads (Lair:5)
  16 swamp worms
  10 water moccasins
  4 hell hounds
  2 acid dragons
  40 orc warriors
  A swamp drake (Swamp:2)
  An ice beast (D:6)
  A black bear (D:7)
  2 ogres (Orc:2)
  32 wolves
  5 boggarts
  An elephant skeleton (Lair:5)
  11 centaurs
  3 phantoms
  7 kobold brigands
  6 bullfrogs
  2 gnoll sergeants
  2 cane toad simulacra (Lair:5)
  6 scorpions
  A necrophage (D:5)
  11 wights
  An oklob sapling (D:10)
  10 killer bees
  An elephant simulacrum (Lair:5)
  8 howler monkeys
  An iron imp (D:10)
  26 orc priests
  2 hounds (D:6)
  2 jellies
  A gnoll bouda (D:6)
  3 iguanas
  8 orc wizards
  15 gnolls
  13 adders
  A white imp (D:6)
  2 ufetubi
  A worm (D:3)
  3 dart slugs
  50 orcs
  2 endoplasms
  2 giant cockroaches
  11 goblins
  3 hobgoblins
  6 jackals
  11 ball pythons
  4 bats
  9 frilled lizards
  13 kobolds
  11 rats
  A briar patch (Swamp:4)
  A starspawn tentacle (Abyss:1)
816 creatures vanquished.

Vanquished Creatures (others)
  2 bloated husks
  A water elemental (Elf:1)
  A spriggan (Swamp:1)
  An adder (D:10)
  A briar patch (Swamp:4)
  4 foxfires (Swamp:3)
  8 fungi
  51 plants
  A starspawn tentacle (Abyss:1)
  27 withered plants (Lair:5)
97 creatures vanquished.

Grand Total: 913 creatures vanquished

Notes
Turn   | Place    | Note
-------+----------+-------------------------------------------
     0 | D:1      | freelancePsychic the Minotaur Necromancer began the quest
                  | for the Orb.
     0 | D:1      | Reached XP level 1. HP: 14/14 MP: 1/1
   209 | D:1      | Reached skill level 1 in Fighting
   242 | D:1      | Reached skill level 1 in Throwing
   367 | D:1      | Reached XP level 2. HP: 23/23 MP: 3/3
   872 | D:2      | Reached skill level 2 in Fighting
   902 | D:2      | Reached XP level 3. HP: 29/29 MP: 4/4
   931 | D:2      | Found an iron altar of Okawaru.
   994 | D:2      | Became a worshipper of Warmaster Okawaru
  1363 | D:2      | Found Coff's Magic Scroll Boutique.
  1375 | D:2      | Bought a scroll of identify for 28 gold pieces
  1750 | D:3      | Found a blossoming altar of Fedhas.
  1861 | D:3      | Reached XP level 4. HP: 26/37 MP: 5/5
  1948 | D:3      | Reached skill level 1 in Invocations
  2012 | D:3      | Reached skill level 3 in Fighting
  2488 | D:4      | Noticed a scorpion
  2492 | D:4      | Killed a scorpion
  2493 | D:4      | Reached XP level 5. HP: 41/45 MP: 6/6
  2542 | D:4      | Found Wioliw's Antique Weapon Boutique.
  2548 | D:4      | Bought a warped dagger for 140 gold pieces
  2548 | D:4      | Identified the +7 dagger of Evisceration {vorpal, rF++}
                  | (You bought it in a shop on level 4 of the Dungeon)
  2820 | D:4      | Reached skill level 4 in Fighting
  2901 | D:4      | Found a burning altar of Makhleb.
  3047 | D:5      | Entered Level 5 of the Dungeon
  3158 | D:5      | Reached XP level 6. HP: 52/52 MP: 7/7
  3206 | D:5      | Reached * piety under Okawaru
  3370 | D:5      | Found a staircase to the Ecumenical Temple.
  3509 | D:5      | Reached skill level 5 in Fighting
  3614 | D:5      | Found a broken altar of Ashenzari.
  3692 | D:5      | Reached XP level 7. HP: 56/61 MP: 8/8
  4114 | D:6      | Found a sparkling altar of Nemelex Xobeh.
  4115 | D:6      | Found a glowing silver altar of Zin.
  4511 | D:6      | Reached ** piety under Okawaru
  4672 | D:6      | Reached skill level 6 in Fighting
  4672 | D:6      | Reached skill level 5 in Throwing
  4756 | D:6      | Found a shadowy altar of Dithmenos.
  4756 | D:6      | Found a hazy altar of Hepliaklqana.
  5058 | D:7      | Reached XP level 8. HP: 57/71 MP: 10/10
  5278 | D:6      | Reached skill level 5 in Invocations
  5366 | D:6      | Found an iron altar of Okawaru.
  5515 | D:6      | Identified the +7 dagger of Defiance {flame, rF+}
  5609 | D:6      | Reached skill level 7 in Fighting
  6406 | D:8      | Reached *** piety under Okawaru
  6407 | D:8      | Reached skill level 8 in Fighting
  6482 | D:8      | Noticed a kobold demonologist
  6499 | D:8      | Noticed a kobold demonologist
  6505 | D:8      | Killed a kobold demonologist
  6506 | D:8      | Reached XP level 9. HP: 62/82 MP: 8/11
  6514 | D:8      | Killed a kobold demonologist
  6515 | D:8      | Reached skill level 9 in Fighting
  6689 | D:8      | Noticed Maggie
  6705 | D:8      | Killed Maggie
  6930 | D:8      | Reached **** piety under Okawaru
  6931 | D:8      | Reached skill level 10 in Fighting
  6931 | D:8      | Noticed Grum
  6951 | D:8      | Noticed a komodo dragon
  6954 | D:8      | Killed Grum
  7184 | D:8      | Killed a komodo dragon
  7205 | D:8      | Found a staircase to the Lair.
  7289 | D:8      | Found a transporter.
  7291 | D:8      | Identified the +8 trident of Cheese {venom, rF+ Dex+2}
  7316 | D:8      | Reached skill level 11 in Fighting
  7370 | D:8      | Reached XP level 10. HP: 78/96 MP: 12/12
  7600 | D:8      | Found a hide-covered altar of Uskayaw.
  7670 | D:8      | Noticed Erica
  7691 | D:8      | Found an opulent altar of Gozag.
  7707 | D:8      | Found a transporter.
  7797 | D:8      | Noticed Maurice
  7820 | D:8      | Killed Erica
  7820 | D:8      | Received a gift from Okawaru
  7830 | D:8      | Killed Maurice
  7831 | D:8      | Reached skill level 10 in Throwing
  7841 | D:8      | Identified the ring of Untruth {rC- MP+9 Int+8 SInv}
  7953 | D:8      | Noticed bakla's ghost (novice DrCj)
  8410 | D:9      | Reached skill level 12 in Fighting
  8476 | D:9      | Found a radiant altar of Vehumet.
  8562 | D:9      | Reached ***** piety under Okawaru
  8763 | D:9      | Found a basalt altar of Yredelemnul.
  8768 | D:9      | Found a staircase to the Orcish Mines.
  8822 | D:9      | Found a runed translucent door.
  8885 | D:9      | Received a gift from Okawaru
  9032 | D:9      | Reached skill level 1 in Maces & Flails
  9101 | D:9      | Found an ancient bone altar of Kikubaaqudgha.
  9181 | D:10     | Entered Level 10 of the Dungeon
  9198 | D:9      | Reached skill level 13 in Fighting
  9589 | D:9      | Received a gift from Okawaru
  9739 | D:9      | Reached XP level 11. HP: 27/107 MP: 13/13
 10042 | D:10     | Noticed an oklob plant
 10066 | D:10     | Found a portal to a secret trove of treasure.
 10186 | D:10     | Found a stormy altar of Qazlal.
 10243 | D:10     | Received a gift from Okawaru
 10244 | D:10     | Reached skill level 5 in Maces & Flails
 10437 | D:10     | Found a snail-covered altar of Cheibriados.
 10440 | D:10     | Noticed a sun demon
 10785 | D:10     | Paralysed by a hornet for 3 turns
 10792 | D:10     | Killed an oklob plant
 11200 | D:10     | Got the Compendium of Nature
 11399 | D:11     | Noticed a brown ugly thing
 11502 | Lair:1   | Entered Level 1 of the Lair of Beasts
 11987 | Lair:1   | Found a glowing silver altar of Zin.
 11998 | Lair:1   | Reached skill level 14 in Fighting
 12547 | Lair:1   | Noticed Joseph
 12592 | Lair:1   | Killed Joseph
 12956 | Lair:2   | Reached skill level 1 in Armour
 12970 | Lair:2   | Received a gift from Okawaru
 13558 | Lair:2   | Noticed a bog body
 13566 | Lair:2   | Killed a bog body
 13567 | Lair:2   | Reached skill level 10 in Maces & Flails
 13704 | Lair:2   | Found a staircase to the Swamp.
 13846 | Lair:2   | Reached XP level 12. HP: 56/118 MP: 14/14
 14687 | Lair:3   | Reached skill level 5 in Armour
 14813 | Lair:3   | Found a hole to the Spider Nest.
 14862 | Lair:3   | Reached skill level 15 in Fighting
 14976 | Lair:3   | Received a gift from Okawaru
 15248 | Lair:3   | Noticed a catoblepas
 15271 | Lair:3   | Killed a catoblepas
 15546 | Lair:3   | Identified the +1 cloak of the Guilds {Rampage rElec rC++
                  | Dex-5} (Okawaru gifted it to you on level 3 of the Lair of
                  | Beasts)
 15546 | Lair:3   | Received a gift from Okawaru
 15944 | Lair:4   | Found a gate leading to a gauntlet.
 15955 | Gauntlet | Entered a Gauntlet
 15955 | Gauntlet | Found a transporter.
 15961 | Gauntlet | Noticed a cacodemon
 15985 | Gauntlet | Found a transporter.
 15987 | Gauntlet | Found a transporter.
 15988 | Gauntlet | Found a transporter.
 15991 | Gauntlet | Found a transporter.
 15992 | Gauntlet | Found a transporter.
 15995 | Gauntlet | Noticed an entropy weaver
 16002 | Gauntlet | Found a transporter.
 16004 | Gauntlet | Found a transporter.
 16044 | Gauntlet | Found a transporter.
 16064 | Gauntlet | Found a transporter.
 16066 | Gauntlet | Found a transporter.
 16074 | Gauntlet | Found a transporter.
 16120 | Gauntlet | Gained mutation: Your body sometimes deteriorates upon
                  | taking damage. [a neqoxec]
 16163 | Gauntlet | Identified the +2 pair of gloves of Moral Flaws {Dex+4}
 16257 | Gauntlet | Noticed a minotaur
 16264 | Gauntlet | Killed a minotaur
 16492 | Lair:4   | Lost mutation: Your body sometimes deteriorates upon taking
                  | damage. [potion of mutation]
 16492 | Lair:4   | Gained mutation: You are strong-willed. (Will+) [potion of
                  | mutation]
 16492 | Lair:4   | Gained mutation: You are somewhat resistant to further
                  | mutation. [potion of mutation]
 16492 | Lair:4   | Gained mutation: You are covered in fur. (AC +1) [potion of
                  | mutation]
 16538 | Lair:4   | Identified the +4 spear "Bung" {venom, rPois rC+ Str+4
                  | Dex-4}
 16831 | Lair:4   | Noticed a five-headed hydra
 16837 | Lair:4   | Killed a five-headed hydra
 16856 | Lair:4   | Noticed a four-headed hydra
 16863 | Lair:4   | Killed a four-headed hydra
 16864 | Lair:4   | Reached XP level 13. HP: 76/126 MP: 12/15
 17662 | Lair:5   | Entered Level 5 of the Lair of Beasts
 17705 | Lair:5   | Noticed Nessos
 17720 | Lair:4   | Killed Nessos
 18010 | Lair:5   | Reached skill level 15 in Maces & Flails
 18161 | Lair:5   | Received a gift from Okawaru
 18795 | Lair:5   | Noticed a dire elephant
 18795 | Lair:5   | Noticed a dire elephant
 18796 | Lair:5   | Noticed a dire elephant
 18796 | Lair:5   | Noticed a dire elephant
 18824 | Lair:5   | Received a gift from Okawaru
 19023 | Lair:5   | Noticed a dire elephant
 19037 | Lair:5   | Killed a dire elephant
 19038 | Lair:5   | Reached skill level 10 in Armour
 19150 | Lair:5   | Received a gift from Okawaru
 19490 | Lair:5   | Received a gift from Okawaru
 19752 | Lair:5   | Killed a dire elephant
 19752 | Lair:5   | Killed a dire elephant
 19752 | Lair:5   | Identified the +11 dire flail of the Spectre {freeze, rC+
                  | Str+4 Int-4} (Okawaru gifted it to you on level 5 of the
                  | Lair of Beasts)
 19752 | Lair:5   | Received a gift from Okawaru
 19753 | Lair:5   | Reached XP level 14. HP: 116/135 MP: 15/17
 20172 | Lair:5   | Found a viscous altar of Jiyva.
 20172 | Lair:5   | Found a staircase to the Slime Pits.
 21177 | D:9      | Reached skill level 5 in Dodging
 21235 | D:9      | Identified the +0 hat "Gepupp" {+Inv rF- rN+++ Regen+}
                  | (Okawaru gifted it to you on level 9 of the Dungeon)
 21235 | D:9      | Received a gift from Okawaru
 21307 | D:9      | Found a runed translucent door.
 21428 | Orc:1    | Entered Level 1 of the Orcish Mines
 21537 | Orc:1    | Reached skill level 16 in Fighting
 21743 | Orc:2    | Entered Level 2 of the Orcish Mines
 21743 | Orc:2    | Noticed Sonja
 21743 | Orc:2    | Noticed Snorg
 21752 | Orc:1    | Killed Snorg
 21764 | Orc:2    | Killed Sonja
 21867 | Orc:2    | Found a staircase to the Elven Halls.
 21920 | Orc:2    | Found Kegat's Distillery.
 21925 | Orc:2    | Noticed Jorgrun
 21943 | Orc:2    | Killed Jorgrun
 22216 | Orc:2    | Bought 2 potions of experience for 1100 gold pieces
 22216 | Orc:2    | Reached XP level 15. HP: 146/146 MP: 18/20
 22217 | Orc:2    | Reached skill level 17 in Fighting
 22217 | Orc:2    | Reached XP level 16. HP: 155/155 MP: 18/21
 22319 | Orc:2    | Noticed Josephine
 22325 | Orc:2    | Killed Josephine
 23099 | Orc:2    | Reached skill level 10 in Dodging
 23207 | Orc:2    | Reached skill level 18 in Fighting
 23219 | Orc:2    | Received a gift from Okawaru
 23502 | Orc:2    | Found Ykhlethe's Weapon Emporium.
 23503 | Orc:2    | Found Aliufack's Assorted Antiques.
 23503 | Orc:2    | Found Xaomes's Antique Weapon Emporium.
 23504 | Orc:2    | Found Imucip's Magic Scroll Emporium.
 23518 | Orc:2    | Bought a scroll of fear for 64 gold pieces
 23645 | D:10     | You paid a toll of 8 scrolls of fear to enter a treasure
                  | trove
 23646 | Trove    | Entered a treasure trove
 23648 | Trove    | Found a bloodstained altar of Trog.
 23651 | Trove    | Identified the +11 great sword of Trog's Righteous Anger
                  | {vorpal, Fly rPois}
 23670 | Trove    | Found the +8 storm bow {elec, penet}
 23675 | Trove    | Identified the +10 great mace of the Pits of Slime {vorpal,
                  | rCorr}
 23868 | D:2      | Bought a scroll of enchant weapon for 105 gold pieces
 23868 | D:2      | Bought a scroll of teleportation for 42 gold pieces
 24091 | Orc:2    | Bought a scroll of enchant weapon for 120 gold pieces
 24091 | Orc:2    | Bought a scroll of enchant armour for 120 gold pieces
 24091 | Orc:2    | Bought a scroll of blinking for 120 gold pieces
 24091 | Orc:2    | Bought 2 scrolls of teleportation for 96 gold pieces
 24895 | D:12     | Noticed Azrael
 24898 | D:11     | Reached ****** piety under Okawaru
 24946 | D:12     | Killed Azrael
 25235 | D:12     | Identified the +0 pair of gloves of Nerre {Rampage *Slow
                  | Dex+3} (Okawaru gifted it to you on level 12 of the
                  | Dungeon)
 25235 | D:12     | Received a gift from Okawaru
 25344 | D:12     | Noticed Erolcha
 25345 | Abyss:1  | Cast into level 1 of the Abyss (Erolcha)
 25538 | Abyss:1  | Noticed a lich
 25547 | Abyss:1  | Killed a lich
 25548 | Abyss:1  | Reached skill level 19 in Fighting
 25548 | Abyss:1  | Reached XP level 17. HP: 114/168 MP: 14/22
 26070 | D:12     | Escaped the Abyss
 26073 | D:12     | Killed Erolcha
 26074 | D:12     | Reached skill level 1 in Evocations
 26967 | D:13     | Identified the +3 great sword of the Wasteland {protect,
                  | rC- Will++ Int+2 Dex+2}
 27530 | D:13     | Reached skill level 1 in Shields
 27863 | D:13     | You fall into a shaft and drop 1 floor!
 28416 | D:14     | Identified the +1 plate armour of Trumpets {SInv} (Okawaru
                  | gifted it to you on level 14 of the Dungeon)
 28416 | D:14     | Received a gift from Okawaru
 28903 | D:13     | Found a gate to the Vaults.
 28908 | D:13     | Reached skill level 5 in Shields
 28912 | D:13     | Reached skill level 20 in Fighting
 29419 | D:15     | Entered Level 15 of the Dungeon
 29543 | D:15     | Found a staircase to the Depths.
 30781 | Elf:1    | Entered Level 1 of the Elven Halls
 30812 | Elf:1    | Noticed Frances
 30838 | Elf:1    | Killed Frances
 30982 | Elf:1    | Received a gift from Okawaru
 31076 | Elf:1    | Found Mukkac's Magic Scroll Emporium.
 31076 | Elf:1    | Found Miptat's Jewellery Shoppe.
 31082 | Elf:1    | Found Xorheane's Jewellery Shoppe.
 31084 | Elf:1    | Found Omewal's General Store.
 31091 | Elf:1    | Paralysed by an air elemental for 1 turns
 31351 | Elf:1    | Reached XP level 18. HP: 135/178 MP: 23/23
 31608 | Elf:1    | Reached skill level 10 in Shields
 32530 | Elf:2    | Paralysed by an air elemental for 1 turns
 32700 | Elf:3    | Entered Level 3 of the Elven Halls
 32781 | Elf:3    | Found Pexyupn's Book Emporium.
 32782 | Elf:3    | Found Jicaeral's Jewellery Shop.
 32782 | Elf:3    | Found Feluithy's Jewellery Shop.
 33391 | Elf:2    | Received a gift from Okawaru
 33566 | Elf:2    | Found a runed translucent gate.
 33567 | Elf:2    | Found a runed translucent gate.
 33567 | Elf:2    | Found a runed translucent gate.
 33807 | Elf:1    | Bought a ring of poison resistance for 300 gold pieces
 33980 | Swamp:1  | Entered Level 1 of the Swamp
 34726 | Swamp:2  | Noticed a tentacled monstrosity
 34732 | Swamp:2  | Killed a tentacled monstrosity
 35723 | Swamp:3  | Reached skill level 15 in Shields
 36353 | Swamp:4  | Entered Level 4 of the Swamp
 36678 | Swamp:4  | Killed from afar by a thorn hunter

Illustrated notes

Levels and vault maps discovered:
D:1:      minmay_arrival_hallway, layout_loops_ring, serial_park_tiny_2
D:2:      layout_loops_cross, serial_shops, nicolae_diamond_shop, basic_altar
D:3:      layout_loops_ring, fedhas_altar_4,
          wander_ebering_terrifying_dragon_lair
D:4:      layout_basic, mainiacjoe_overflow_alcove_1, serial_shops,
          nicolae_shop_stone
D:5:      layout_loops_corners, lemuel_doored_altar,
          minmay_temple_entry_proselytizer
D:6:      layout_basic, okawaru_gym_becter, nicolae_overflow_hidden_temple
D:7:      layout_rooms
D:8:      layout_loops_corners, eat_drink_and_be_merry_uskayaw,
          mainiacjoe_overflow_tiny_flanked, david_lair_shrubbed,
          gammafunk_ghost_gnarly_gnolls, fungi_pond_lemuel, uniq_grum,
          uniq_erica, uniq_maggie, uniq_maurice
D:9:      cheibrodos_histonic, layout_cave_pools, vehumet_crystals,
          kennysheep_little_box, mainiacjoe_overflow_paths, orc_0_dummy,
          item_on_display_a
D:10:     layout_rooms, slow_altar_1, grunt_qazlal_sundering, enter_trove_6,
          minmay_misc_feat_rugged, introduction_to_nature_1
D:11:     layout_gridville
D:12:     layout_basic, corexii_leaking_fountain, uniq_azrael, uniq_erolcha
D:13:     minmay_isolated_rectangles_in_corner, layout_basic,
          lightli_vaults_fourway_checkpoint
D:14:     layout_long_grid, serial_bayou_pond_a, nrook_guardian_serpent_double
D:15:     grunt_enter_depths_hoard, layout_stronghold, nicolae_hexahallways
Lair:1:   layout_cave_shapes, basic_altar, grunt_megastairs_1, uniq_joseph
Lair:2:   gammafunk_indiana_jones, layout_big_grid, skrybe_swamp_entry_bodies,
          nicolae_quartered_pool_medium
Lair:3:   layout_misc_corridors, spider_nest_entry_a,
          chequers_serial_rivers_large_b, lemuel_fruit_tree
Lair:4:   wad_woods_structure_01, layout_hall_layers, gauntlet_entry_generic,
          portal_ice_cave_entry_ice_simulacra
Lair:5:   due_jungle_book, layout_loops_ring, dpeg_slime_entry_enclosed,
          uniq_nessos
Swamp:1:  layout_falls_marsh, serial_swamp_ruin, evilmike_swamp_ruin_house_1,
          evilmike_swamp_ruin_house_5, swamp_pool3, infiniplex_staircase_pool
Swamp:2:  layout_falls_marsh, hangedman_swamp_ruin_hall
Swamp:3:  layout_basic_swamp, evilmike_swamp_ruin_rubble_1,
          nicolae_swamp_hydra_murder_den, infiniplex_staircase_pool_2
Swamp:4:  swamp_vile, layout_basic_swamp, uniq_bai_suzhen
Orc:1:    layout_caves, special_room [special_room_orc]
Orc:2:    st_orc_pillars, layout_diamond_mine, serial_shops, shop, uniq_sonja,
          uniq_jorgrun, uniq_josephine, uniq_snorg
Elf:1:    minmay_elf_arrival_summoners, layout_gridlike,
          hangedman_elf_disciples, minmay_shoptagon, uniq_frances
Elf:2:    nicolae_elf_blades_crystal_corner, layout_gridlike
Elf:3:    minmay_elf_hall_x, layout_geoelf_diagonals, nicolae_elf_hall_of_bonks,
          minmay_shop_grove

Skill      XL: |  1  2  3  4  5  6  7  8  9 10 11 12 13 14 15 16 17 18 |
---------------+-------------------------------------------------------+-----
Fighting       | 1 2 3 4 5 6 8 11 13 14 15 16 17 19 20 | 20.0
Throwing       | 1 2 3 4 5 7 9 10 11 13 | 13.6
Invocations    | 1 2 3 4 5 8 |  8.4
Maces & Flails | 4 10 14 16 | 16.0
Armour         | 3 8 12 | 12.7
Dodging        | 3 7 8 10 | 10.0
Evocations     | 3 |  3.2
Shields        | 9 15 | 15.9
Stealth        | |  1.5
Spellcasting   | |  1.3
Necromancy     | |  2.9

Action                   |  1- 3 |  4- 6 |  7- 9 | 10-12 | 13-15 | 16-18 || total
-------------------------+-------+-------+-------+-------+-------+-------++-------
Melee: Dagger            |   119 |    73 |   162 |    26 |       |       ||   380
       Unarmed           |     1 |       |       |       |       |       ||     1
       Headbutt          |    12 |     7 |    32 |    84 |   110 |   200 ||   445
       Punch             |     1 |       |     1 |     8 |     6 |       ||    16
       Morningstar       |       |       |       |   358 |   252 |       ||   610
       Dire flail        |       |       |       |       |   165 |   302 ||   467
       Eveningstar       |       |       |       |       |       |   577 ||   577
Throw: Dart              |     9 |    12 |    49 |    95 |    38 |    47 ||   250
       Throwing net      |     2 |     2 |       |       |       |       ||     4
       Boomerang         |       |       |    25 |    45 |     6 |   146 ||   222
       Javelin           |       |       |       |    15 |    19 |     9 ||    43
Invok: Heroism           |       |       |     5 |    15 |     8 |    11 ||    39
       Finesse           |       |       |       |     1 |     1 |     1 ||     3
Evoke: Wand              |       |       |       |     4 |     1 |       ||     5
       Condenser vane    |       |       |       |       |     1 |     2 ||     3
       Tin of tremorston |       |       |       |       |       |     2 ||     2
  Use: Scroll            |     8 |     3 |     4 |    15 |     2 |    14 ||    46
       Potion            |       |       |       |     4 |     4 |     1 ||     9
 Stab: Sleeping          |     4 |     3 |       |     2 |     1 |       ||    10
       Distracted        |       |       |     1 |       |       |     1 ||     2
       Petrifying        |       |       |       |       |     1 |       ||     1
       Confused          |       |       |       |       |     1 |       ||     1
Armor: Leather armour    |    27 |    18 |    13 |       |       |       ||    58
       Ring mail         |       |       |    25 |       |       |       ||    25
       Acid dragon scale |       |       |    10 |   168 |   194 |   147 ||   519
       Skin              |       |       |       |     1 |       |       ||     1
       Fire dragon scale |       |       |       |       |       |   183 ||   183
Dodge: Dodged            |    76 |    35 |   105 |   278 |   192 |   317 ||  1003
Block: Other             |       |       |       |    62 |    83 |    52 ||   197
       Reflection        |       |       |       |     1 |     5 |    41 ||    47
       Kite shield       |       |       |       |       |       |   406 ||   406

Table legend: (Time is in decaauts)
 A = Elapsed time spent in this place.
 B = Non-inter-level travel time spent in this place.
 C = Inter-level travel time spent in this place.
 D = Time resting spent in this place.
 E = Time spent auto-exploring this place.
 F = Levels seen in this place.
 G = Mean time per level.
                   A        B        C        D        E       F      G
               +--------+--------+--------+--------+--------+-----+--------+
         Total |  36451 |  33514 |   2937 |   1464 |  26905 |  32 | 1139.1 |
       Dungeon |  18005 |  16481 |   1524 |    937 |  13132 |  15 | 1200.3 |
          Lair |   9028 |   8374 |    654 |    112 |   7105 |   5 | 1805.6 |
         Swamp |   2810 |   2706 |    104 |    291 |   2016 |   4 |  702.5 |
  Orcish Mines |   2315 |   1987 |    328 |      0 |   1618 |   2 | 1157.5 |
   Elven Halls |   3035 |   2710 |    325 |     17 |   2284 |   3 | 1011.7 |
         Abyss |    694 |    694 |      0 |    105 |    489 |   1 |  694.0 |
         Trove |     92 |     92 |      0 |      0 |     11 |   1 |   92.0 |
      Gauntlet |    469 |    469 |      0 |      0 |    250 |   1 |  469.0 |
               +--------+--------+--------+--------+--------+-----+--------+

Top non-repeatable levels by time:
  Lair:5: 2883 daAuts
     D:8: 2416 daAuts
   Orc:2: 1978 daAuts
     D:9: 1972 daAuts
   Elf:1: 1617 daAuts
  Lair:2: 1609 daAuts
     D:6: 1606 daAuts
  Lair:3: 1549 daAuts
  Lair:4: 1496 daAuts
  Lair:1: 1489 daAuts
    D:13: 1458 daAuts
    D:10: 1372 daAuts
    D:12: 1354 daAuts
    D:15: 1228 daAuts
     D:5: 1064 daAuts
